[Event "GER-ch Youth ODJM 2019"]
[Site "Willingen"]
[Date "2019.06.09"]
[Round "2.4"]
[White "Brunner, Tobias"]
[Black "Hesse, Henrik"]
[Result "1/2-1/2"]
[ECO "C48"]
[WhiteElo "2017"]
[BlackElo "2166"]
[Annotator "NA"]
[PlyCount "28"]
[EventDate "2019.06.07"]
[EventType "swiss"]
[EventRounds "9"]
[EventCountry "GER"]
[SourceTitle "playchess.com"]
[Source "ChessBase"]
[SourceQuality "1"]
[TimeControl "40/5400+30:1800+30"]

1. e4 e5 2. Nf3 Nf6 3. Nc3 Nc6 4. Bb5 d6 5. h3 Be7 6. d3 h6 7. Be3 Bd7 8. Qd2 a6 9. Bxc6 Bxc6 10. Ne2 Bf8 11. Ng3 g6 12. O-O Bg7 13. c4 Qe7 14. a4 a5 {[%emt 0:05:57] normal} 1/2-1/2

[Event "GER-ch Youth ODJM 2019"]
[Site "Willingen"]
[Date "2019.06.09"]
[Round "2.5"]
[White "Knudsen, Simon"]
[Black "Parvanyan, Alfred"]
[Result "1/2-1/2"]
[ECO "B31"]
[WhiteElo "2166"]
[BlackElo "2066"]
[Annotator "NA"]
[PlyCount "44"]
[EventDate "2019.06.07"]
[EventType "swiss"]
[EventRounds "9"]
[EventCountry "GER"]
[SourceTitle "playchess.com"]
[Source "ChessBase"]
[SourceQuality "1"]
[TimeControl "40/5400+30:1800+30"]

1. e4 c5 2. Nf3 Nc6 3. Bb5 g6 4. Bxc6 dxc6 5. d3 Bg7 6. h3 e5 7. a4 a5 8. Be3 b6 9. Na3 Qc7 10. Nc4 Ne7 11. b4 axb4 12. a5 bxa5 13. Bxc5 O-O 14. Bxb4 a4 15. Bd6 Qd8 16. Bxe5 Bxe5 17. Ncxe5 Be6 18. Qd2 Qd6 19. Ng4 Bxg4 20. hxg4 f6 21. Qc3 Qe6 22. g5 Nd5 {[%emt 0:04:25] normal} 1/2-1/2

[Event "GER-ch Youth ODJM 2019"]
[Site "Willingen"]
[Date "2019.06.09"]
[Round "2.6"]
[White "Gerlach, Felix Tobias"]
[Black "Weber, Samuel"]
[Result "1/2-1/2"]
[ECO "A15"]
[WhiteElo "2079"]
[BlackElo "2160"]
[Annotator "NA"]
[PlyCount "27"]
[EventDate "2019.06.07"]
[EventType "swiss"]
[EventRounds "9"]
[EventCountry "GER"]
[SourceTitle "playchess.com"]
[Source "ChessBase"]
[SourceQuality "1"]
[TimeControl "40/5400+30:1800+30"]

1. c4 Nf6 2. g3 g6 3. Bg2 Bg7 4. Nc3 c5 5. Nf3 O-O 6. O-O d6 7. d4 Nbd7 8. b3 a6 9. Bb2 Rb8 10. Rc1 b6 11. h3 Bb7 12. d5 b5 13. Nd2 b4 14. Na4 {[%emt 0:00:55] normal} 1/2-1/2

[Event "GER-ch Youth ODJM 2019"]
[Site "Willingen"]
[Date "2019.06.09"]
[Round "2.7"]
[White "Schimnatkowski, Lukas"]
[Black "Beesk, Kevin"]
[Result "1-0"]
[ECO "A36"]
[WhiteElo "2139"]
[BlackElo "1935"]
[Annotator "NA"]
[PlyCount "33"]
[EventDate "2019.06.07"]
[EventType "swiss"]
[EventRounds "9"]
[EventCountry "GER"]
[SourceTitle "playchess.com"]
[Source "ChessBase"]
[SourceQuality "1"]
[TimeControl "40/5400+30:1800+30"]

1. c4 c5 2. Nc3 Nc6 3. g3 g6 4. Bg2 Bg7 5. d3 d6 6. Bd2 e5 7. a3 a5 8. e3 Nge7 9. Nge2 O-O 10. Rb1 Rb8 11. Nd5 Bd7 12. Nec3 f5 13. b4 axb4 14. axb4 Nxb4 15. Nxb4 cxb4 16. Rxb4 Bc6 17. O-O {[%emt 0:03:23] normal} 1-0

[Event "GER-ch Youth ODJM 2019"]
[Site "Willingen"]
[Date "2019.06.09"]
[Round "2.8"]
[White "Tscheuschner, Georg"]
[Black "Kotyk, Michael"]
[Result "1-0"]
[ECO "A20"]
[WhiteElo "2113"]
[BlackElo "1966"]
[Annotator "NA"]
[PlyCount "35"]
[EventDate "2019.06.07"]
[EventType "swiss"]
[EventRounds "9"]
[EventCountry "GER"]
[SourceTitle "playchess.com"]
[Source "ChessBase"]
[SourceQuality "1"]
[TimeControl "40/5400+30:1800+30"]

1. c4 e5 2. g3 d6 3. Bg2 f5 4. d4 Be7 5. Nc3 Nf6 6. Nf3 e4 7. Ng5 c6 8. f3 d5 9. O-O O-O 10. cxd5 cxd5 11. fxe4 fxe4 12. Qb3 Kh8 13. Nxd5 Qxd5 14. Rxf6 Qxd4+ 15. Be3 Qxe3+ 16. Qxe3 Bxf6 17. Rf1 Nc6 18. Qxe4 {[%emt 0:00:32] normal} 1-0

[Event "GER-ch Youth ODJM 2019"]
[Site "Willingen"]
[Date "2019.06.09"]
[Round "2.9"]
[White "Lohr, Maximilian"]
[Black "Wanner, Lukas"]
[Result "1-0"]
[ECO "B06"]
[WhiteElo "1981"]
[BlackElo "2099"]
[Annotator "NA"]
[PlyCount "20"]
[EventDate "2019.06.07"]
[EventType "swiss"]
[EventRounds "9"]
[EventCountry "GER"]
[SourceTitle "playchess.com"]
[Source "ChessBase"]
[SourceQuality "1"]
[TimeControl "40/5400+30:1800+30"]

1. e4 g6 2. g3 d5 3. e5 c5 4. c3 Nc6 5. d4 cxd4 6. cxd4 Nh6 7. Nc3 Bg7 8. Bg2 Be6 9. Nge2 Nf5 10. O-O O-O {[%emt 0:12:49] normal} 1-0

[Event "GER-ch Youth ODJM 2019"]
[Site "Willingen"]
[Date "2019.06.09"]
[Round "2.10"]
[White "Hartmann, Jakob"]
[Black "Teichert, Felix"]
[Result "1/2-1/2"]
[ECO "B13"]
[WhiteElo "2144"]
[BlackElo "2027"]
[Annotator "NA"]
[PlyCount "24"]
[EventDate "2019.06.07"]
[EventType "swiss"]
[EventRounds "9"]
[EventCountry "GER"]
[SourceTitle "playchess.com"]
[Source "ChessBase"]
[SourceQuality "1"]
[TimeControl "40/5400+30:1800+30"]

1. e4 c6 2. d4 d5 3. exd5 cxd5 4. c4 Nf6 5. Nc3 Nc6 6. Be3 g6 7. h3 Bg7 8. Nf3 O-O 9. Be2 h6 10. O-O Be6 11. c5 Ne4 12. Qc1 Kh7 {[%emt 0:06:01] normal} 1/2-1/2

[Event "GER-ch Youth ODJM 2019"]
[Site "Willingen"]
[Date "2019.06.09"]
[Round "2.11"]
[White "Stelmaszyk, Nico"]
[Black "Fistoul, Boris"]
[Result "1-0"]
[ECO "C10"]
[WhiteElo "2174"]
[BlackElo "1918"]
[Annotator "NA"]
[PlyCount "26"]
[EventDate "2019.06.07"]
[EventType "swiss"]
[EventRounds "9"]
[EventCountry "GER"]
[SourceTitle "playchess.com"]
[Source "ChessBase"]
[SourceQuality "1"]
[TimeControl "40/5400+30:1800+30"]

1. e4 e6 2. d4 d5 3. Nc3 dxe4 4. Nxe4 Nf6 5. Nxf6+ Qxf6 6. Nf3 h6 7. Be3 Bd7 8. Qd2 Bc6 9. Ne5 Bd6 10. O-O-O Qe7 11. f4 Bxe5 12. dxe5 Nd7 13. Qa5 Rc8 {[%emt 0:10:03] normal} 1-0

[Event "GER-ch Youth ODJM 2019"]
[Site "Willingen"]
[Date "2019.06.09"]
[Round "2.12"]
[White "Grund, Sebastian"]
[Black "Dietz, Florian"]
[Result "1/2-1/2"]
[ECO "E15"]
[WhiteElo "2051"]
[BlackElo "2139"]
[Annotator "NA"]
[PlyCount "37"]
[EventDate "2019.06.07"]
[EventType "swiss"]
[EventRounds "9"]
[EventCountry "GER"]
[SourceTitle "playchess.com"]
[Source "ChessBase"]
[SourceQuality "1"]
[TimeControl "40/5400+30:1800+30"]

1. d4 Nf6 2. Nf3 e6 3. c4 b6 4. g3 Ba6 5. b3 Bb4+ 6. Bd2 Be7 7. Bg2 Bb7 8. Nc3 d5 9. cxd5 exd5 10. O-O O-O 11. Qc2 Nbd7 12. Ne5 c5 13. Nxd7 Qxd7 14. dxc5 bxc5 15. Rad1 Rfd8 16. Bg5 Qe6 17. Nb5 Ne8 18. Bxe7 Qxe7 19. Rfe1 {[%emt 0:00:31] normal} 1/2-1/2

[Event "GER-ch Youth ODJM 2019"]
[Site "Willingen"]
[Date "2019.06.09"]
[Round "2.13"]
[White "Schlick, Stefan"]
[Black "Wuebker, Paul-Luca"]
[Result "0-1"]
[ECO "A50"]
[WhiteElo "2017"]
[BlackElo "2035"]
[Annotator "NA"]
[PlyCount "20"]
[EventDate "2019.06.07"]
[EventType "swiss"]
[EventRounds "9"]
[EventCountry "GER"]
[SourceTitle "playchess.com"]
[Source "ChessBase"]
[SourceQuality "1"]
[TimeControl "40/5400+30:1800+30"]

1. d4 Nf6 2. c4 Nc6 3. d5 Ne5 4. e3 e6 5. dxe6 fxe6 6. Nd2 Bb4 7. a3 Bxd2+ 8. Bxd2 O-O 9. Be2 Ne4 10. Nf3 Qf6 {[%emt 0:14:06] normal} 0-1

[Event "GER-ch Youth ODJM 2019"]
[Site "Willingen"]
[Date "2019.06.09"]
[Round "2.14"]
[White "Savchenko, Daniel"]
[Black "Reimer, Philip"]
[Result "1-0"]
[ECO "B34"]
[WhiteElo "2120"]
[BlackElo "1891"]
[Annotator "NA"]
[PlyCount "45"]
[EventDate "2019.06.07"]
[EventType "swiss"]
[EventRounds "9"]
[EventCountry "GER"]
[SourceTitle "playchess.com"]
[Source "ChessBase"]
[SourceQuality "1"]
[TimeControl "40/5400+30:1800+30"]

1. e4 c5 2. Nf3 Nc6 3. d4 cxd4 4. Nxd4 Nf6 5. Nc3 e5 6. Ndb5 d6 7. Nd5 Nxd5 8. exd5 Nb8 9. c4 Be7 10. Be2 O-O 11. Be3 a6 12. Nc3 f5 13. f4 Nd7 14. O-O Bf6 15. Qd2 exf4 16. Bxf4 Be5 17. Rac1 Bxf4 18. Qxf4 Ne5 19. Kh1 b6 20. b4 Bd7 21. c5 bxc5 22. bxc5 Bb5 23. Rfd1 {[%emt 0:03:48] normal} 1-0

[Event "GER-ch Youth ODJM 2019"]
[Site "Willingen"]
[Date "2019.06.09"]
[Round "2.15"]
[White "Schrepp, Florian"]
[Black "Garbuz, Vitaliy"]
[Result "1/2-1/2"]
[ECO "C49"]
[WhiteElo "1922"]
[BlackElo "2051"]
[Annotator "NA"]
[PlyCount "20"]
[EventDate "2019.06.07"]
[EventType "swiss"]
[EventRounds "9"]
[EventCountry "GER"]
[SourceTitle "playchess.com"]
[Source "ChessBase"]
[SourceQuality "1"]
[TimeControl "40/5400+30:1800+30"]

1. e4 Nf6 2. Nc3 e5 3. Nf3 Nc6 4. Bb5 Bb4 5. O-O O-O 6. d3 Nd4 7. Nxd4 exd4 8. Ne2 c6 9. Ba4 d5 10. e5 Nd7 {[%emt 0:01:27] normal} 1/2-1/2

[Event "GER-ch Youth ODJM 2019"]
[Site "Willingen"]
[Date "2019.06.09"]
[Round "2.16"]
[White "von Estorff, Jacob"]
[Black "Behringer, Tom"]
[Result "1/2-1/2"]
[ECO "C45"]
[WhiteElo "2041"]
[BlackElo "1766"]
[Annotator "NA"]
[PlyCount "26"]
[EventDate "2019.06.07"]
[EventType "swiss"]
[EventRounds "9"]
[EventCountry "GER"]
[SourceTitle "playchess.com"]
[Source "ChessBase"]
[SourceQuality "1"]
[TimeControl "40/5400+30:1800+30"]

1. e4 e5 2. Nf3 Nc6 3. d4 exd4 4. Nxd4 Bc5 5. Be3 Qf6 6. c3 Nge7 7. Bc4 Ne5 8. Be2 Qg6 9. O-O d6 10. Kh1 O-O 11. Nd2 d5 12. Nf5 Nxf5 13. Bxc5 Nd6 {[%emt 0:07:31] normal} 1/2-1/2

[Event "GER-ch Youth ODJM 2019"]
[Site "Willingen"]
[Date "2019.06.10"]
[Round "3.1"]
[White "Lauterbach, Kolja"]
[Black "Petri, Ben-Luca"]
[Result "1-0"]
[ECO "C54"]
[WhiteElo "1662"]
[BlackElo "1895"]
[Annotator "NA"]
[PlyCount "69"]
[EventDate "2019.06.07"]
[EventType "swiss"]
[EventRounds "9"]
[EventCountry "GER"]
[SourceTitle "playchess.com"]
[Source "ChessBase"]
[SourceQuality "1"]
[TimeControl "40/5400+30:1800+30"]

1. e4 e5 2. Nf3 Nc6 3. d4 exd4 4. Bc4 Bc5 5. c3 Nf6 6. e5 d5 7. Bb5 Ne4 8. cxd4 Bb6 9. Nc3 O-O 10. Be3 Bf5 11. h3 Ne7 12. O-O c6 13. Be2 Nxc3 14. bxc3 Ng6 15. Nh2 f6 16. f4 fxe5 17. g4 Be4 18. f5 Qh4 19. Bf3 Bxf3 20. Qxf3 e4 21. Qg2 Nh8 22. g5 Qh5 23. Ng4 Bd8 24. f6 Nf7 25. Rf5 g6 26. Re5 Bc7 27. Re7 Bd6 28. Rf1 Nxg5 29. Nh6+ Qxh6 30. Bxg5 Qh5 31. f7+ Kg7 32. Bf6+ Kh6 33. Qd2+ g5 34. Re6 Qh4 35. Bxg5+ {[%emt 0:00:35] normal} 1-0

[Event "GER-ch Youth ODJM 2019"]
[Site "Willingen"]
[Date "2019.06.10"]
[Round "3.2"]
[White "Savchenko, Daniel"]
[Black "Schimnatkowski, Lukas"]
[Result "1-0"]
[ECO "B75"]
[WhiteElo "2120"]
[BlackElo "2139"]
[Annotator "NA"]
[PlyCount "37"]
[EventDate "2019.06.07"]
[EventType "swiss"]
[EventRounds "9"]
[EventCountry "GER"]
[SourceTitle "playchess.com"]
[Source "ChessBase"]
[SourceQuality "1"]
[TimeControl "40/5400+30:1800+30"]

1. e4 c5 2. Nf3 d6 3. d4 cxd4 4. Nxd4 Nf6 5. Nc3 g6 6. f3 Bg7 7. Be3 Nbd7 8. Qd2 a6 9. O-O-O h5 10. Bc4 b5 11. Bb3 Bb7 12. h3 Nc5 13. g4 Qa5 14. Kb1 Rc8 15. Qf2 b4 16. Nd5 e6 17. Nxf6+ Bxf6 18. Ne2 Nxb3 19. axb3 {[%emt 0:00:27] normal} 1-0

[Event "GER-ch Youth ODJM 2019"]
[Site "Willingen"]
[Date "2019.06.10"]
[Round "3.2"]
[White "Astner, Sebastian"]
[Black "Cheredzhiyska, Iva"]
[Result "1-0"]
[ECO "C55"]
[WhiteElo "1870"]
[BlackElo "1581"]
[Annotator "NA"]
[PlyCount "47"]
[EventDate "2019.06.07"]
[EventType "swiss"]
[EventRounds "9"]
[EventCountry "GER"]
[SourceTitle "playchess.com"]
[Source "ChessBase"]
[SourceQuality "1"]
[TimeControl "40/5400+30:1800+30"]

1. e4 e5 2. Nf3 Nc6 3. d4 exd4 4. Bc4 Nf6 5. e5 Ng4 6. Bxf7+ Kxf7 7. Ng5+ Kg8 8. Qxg4 h6 9. Nf3 d6 10. Qe4 dxe5 11. O-O Qf6 12. Nbd2 Bf5 13. Qd5+ Kh7 14. Ne4 Qe6 15. Neg5+ hxg5 16. Nxg5+ Kg8 17. Nxe6 Bxe6 18. Qxe6+ Kh7 19. Bg5 Bd6 20. Qf5+ Kg8 21. f4 Rf8 22. Qe6+ Kh7 23. Rf3 g6 24. Bf6 {[%emt 0:00:17] normal} 1-0

[Event "GER-ch Youth ODJM 2019"]
[Site "Willingen"]
[Date "2019.06.10"]
[Round "3.3"]
[White "Welker, Alexandra"]
[Black "Fröhlich, Niklas"]
[Result "1/2-1/2"]
[ECO "B93"]
[WhiteElo "1342"]
[BlackElo "1261"]
[Annotator "NA"]
[PlyCount "69"]
[EventDate "2019.06.07"]
[EventType "swiss"]
[EventRounds "9"]
[EventCountry "GER"]
[SourceTitle "playchess.com"]
[Source "ChessBase"]
[SourceQuality "1"]
[TimeControl "40/5400+30:1800+30"]

1. e4 c5 2. Nf3 d6 3. Nc3 Nf6 4. d4 cxd4 5. Nxd4 a6 6. f4 e5 7. Nf3 Nbd7 8. Be3 Ng4 9. Qd2 Nxe3 10. Qxe3 Be7 11. O-O-O b5 12. Nd5 Bb7 13. Bd3 Bxd5 14. exd5 Qa5 15. fxe5 O-O 16. exd6 Bxd6 17. Kb1 Bc5 18. Qd2 Qb6 19. Rhe1 Nf6 20. Be4 Ng4 21. Nd4 a5 22. h3 Nf6 23. Nb3 Bd6 24. Qd4 Qd8 25. Nc5 Rc8 26. Nb7 Qc7 27. Nxd6 Qxd6 28. b3 Rfe8 29. Bf3 a4 30. bxa4 bxa4 31. Rxe8+ Rxe8 32. Qxa4 Rb8+ 33. Kc1 Qb6 34. Qb3 Qd6 35. Qa4 {normal} 1/2-1/2

[Event "GER-ch Youth ODJM 2019"]
[Site "Willingen"]
[Date "2019.06.10"]
[Round "3.4"]
[White "Lohr, Maximilian"]
[Black "Stelmaszyk, Nico"]
[Result "0-1"]
[ECO "B45"]
[WhiteElo "1981"]
[BlackElo "2174"]
[Annotator "NA"]
[PlyCount "82"]
[EventDate "2019.06.07"]
[EventType "swiss"]
[EventRounds "9"]
[EventCountry "GER"]
[SourceTitle "playchess.com"]
[Source "ChessBase"]
[SourceQuality "1"]
[TimeControl "40/5400+30:1800+30"]

1. e4 c5 2. Nf3 e6 3. d4 cxd4 4. Nxd4 Nc6 5. Nc3 Nf6 6. Ndb5 Bb4 7. Nd6+ Ke7 8. Bf4 e5 9. Nxc8+ Rxc8 10. Bg5 Nd4 11. Qd2 Qa5 12. Nd5+ Qxd5 13. Qxb4+ Qd6 14. Bxf6+ gxf6 15. Qxd6+ Kxd6 16. Bd3 Nxc2+ 17. Bxc2 Rxc2 18. Rd1+ Ke6 19. Rd2 Rc1+ 20. Rd1 Rhc8 21. O-O R1c2 22. Rd3 Rxb2 23. Rfd1 Rc7 24. a3 Rbc2 25. g4 R2c3 26. Kg2 Rxd3 27. Rxd3 Rc4 28. Kf3 b5 29. Ke3 a5 30. Rd5 Rc3+ 31. Ke2 Rb3 32. a4 bxa4 33. Rxa5 a3 34. h4 Kd6 35. Kf1 Kc6 36. Kg2 Kb6 37. Ra8 Kc5 38. Ra7 Kb4 39. Rxd7 a2 40. Rb7+ Kc3 41. Ra7 Kb2 {[%emt 0:30:09] normal} 0-1

[Event "GER-ch Youth ODJM 2019"]
[Site "Willingen"]
[Date "2019.06.10"]
[Round "3.4"]
[White "Diegel, Yannick"]
[Black "Wichert, Eddi"]
[Result "0-1"]
[ECO "A22"]
[WhiteElo "1411"]
[BlackElo "1702"]
[Annotator "NA"]
[PlyCount "34"]
[EventDate "2019.06.07"]
[EventType "swiss"]
[EventRounds "9"]
[EventCountry "GER"]
[SourceTitle "playchess.com"]
[Source "ChessBase"]
[SourceQuality "1"]
[TimeControl "40/5400+30:1800+30"]

1. c4 e5 2. Nc3 Nf6 3. d3 d5 4. cxd5 Nxd5 5. g3 Nc6 6. Bg2 Nb6 7. a3 Be7 8. Nf3 O-O 9. O-O Be6 10. b4 f6 11. Ne4 g5 12. Qd2 g4 13. Nh4 Nd4 14. Rb1 c6 15. Nc5 Bc8 16. e3 Ne6 17. Qa2 Nd5 {[%emt 0:06:02] normal} 0-1

[Event "GER-ch Youth ODJM 2019"]
[Site "Willingen"]
[Date "2019.06.10"]
[Round "3.5"]
[White "Arnold, Rubina"]
[Black "Apel, Linus"]
[Result "0-1"]
[ECO "B30"]
[WhiteElo "1329"]
[BlackElo "1410"]
[Annotator "NA"]
[PlyCount "73"]
[EventDate "2019.06.07"]
[EventType "swiss"]
[EventRounds "9"]
[EventCountry "GER"]
[SourceTitle "playchess.com"]
[Source "ChessBase"]
[SourceQuality "1"]
[TimeControl "40/5400+30:1800+30"]

1. e4 c5 2. Nf3 Nc6 3. c3 Nf6 4. Qc2 e5 5. Bc4 Be7 6. O-O O-O 7. d3 d6 8. Qb3 Na5 9. Qa4 Nxc4 10. Qxc4 Be6 11. Qb5 Qc7 12. Be3 a6 13. Qa4 Ng4 14. Re1 Nxe3 15. Rxe3 f5 16. Nbd2 f4 17. Re2 Rf6 18. Nh4 g5 19. Nf5 Bxf5 20. exf5 Rxf5 21. Qc4+ Kg7 22. Qe6 Rf6 23. Qg4 h6 24. h4 Qc8 25. Qxc8 Rxc8 26. h5 Kf7 27. Nc4 Bd8 28. Rc1 b5 29. Nd2 Re6 30. Ree1 Bb6 31. Nf3 Kf6 32. d4 cxd4 33. cxd4 Rxc1 34. dxe5+ dxe5 35. Rxc1 e4 36. Nh2 e3 37. Kf1 {[%emt 0:01:54] normal} 0-1

[Event "GER-ch Youth ODJM 2019"]
[Site "Willingen"]
[Date "2019.06.10"]
[Round "3.6"]
[White "Schneider, Anna"]
[Black "Plum, Paul"]
[Result "1-0"]
[ECO "B90"]
[WhiteElo "1589"]
[BlackElo "1717"]
[Annotator "NA"]
[PlyCount "61"]
[EventDate "2019.06.07"]
[EventType "swiss"]
[EventRounds "9"]
[EventCountry "GER"]
[SourceTitle "playchess.com"]
[Source "ChessBase"]
[SourceQuality "1"]
[TimeControl "40/5400+30:1800+30"]

1. e4 c5 2. Nf3 d6 3. d4 cxd4 4. Nxd4 Nf6 5. Nc3 a6 6. f3 e6 7. Be3 Be7 8. Qd2 Nbd7 9. O-O-O Qc7 10. Kb1 b5 11. g4 Ne5 12. g5 Nfd7 13. h4 Nb6 14. h5 Nec4 15. Bxc4 Nxc4 16. Qe1 Nxe3 17. Qxe3 Qc5 18. f4 Bd7 19. Qf3 Rc8 20. g6 f6 21. e5 b4 22. h6 gxh6 23. g7 Rg8 24. Qh5+ Kd8 25. Qf7 Kc7 26. Nxe6+ Bxe6 27. Qxe7+ Bd7 28. Rxd6 bxc3 29. Rxd7+ Kb6 30. Rb7+ Ka5 31. b4+ {[%emt 0:00:37] normal} 1-0

[Event "GER-ch Youth ODJM 2019"]
[Site "Willingen"]
[Date "2019.06.10"]
[Round "3.6"]
[White "Foos, Vanessa"]
[Black "Moldovan, Tudor"]
[Result "1-0"]
[ECO "A45"]
[WhiteElo "1207"]
[BlackElo "1030"]
[Annotator "NA"]
[PlyCount "76"]
[EventDate "2019.06.07"]
[EventType "swiss"]
[EventRounds "9"]
[EventCountry "GER"]
[SourceTitle "playchess.com"]
[Source "ChessBase"]
[SourceQuality "1"]
[TimeControl "40/5400+30:1800+30"]

1. d4 Nf6 2. Nc3 e6 3. a3 d5 4. Nf3 Nbd7 5. Bf4 Be7 6. Nb5 e5 7. Bxe5 Nxe5 8. dxe5 Nd7 9. Qxd5 c6 10. Nd6+ Bxd6 11. Qxd6 Qe7 12. Qxe7+ Kxe7 13. e4 Re8 14. O-O-O Kf8 15. Bc4 Nxe5 16. Nxe5 Rxe5 17. Rhe1 b5 18. Bb3 Bb7 19. Rd7 Re7 20. Rxe7 Kxe7 21. Rd1 c5 22. Bxf7 Bxe4 23. Re1 Kxf7 24. Rxe4 Kf6 25. Kd2 Rd8+ 26. Ke2 g5 27. c4 a6 28. cxb5 axb5 29. Re3 c4 30. Rf3+ Kg6 31. b3 Re8+ 32. Kd2 Rc8 33. bxc4 Rxc4 34. Rc3 Rf4 35. Ke3 Rf5 36. Rc6+ Kg7 37. g4 Re5+ 38. Kf3 Rd5 {[%emt 0:00:34] normal} 1-0

[Event "GER-ch Youth ODJM 2019"]
[Site "Willingen"]
[Date "2019.06.10"]
[Round "3.7"]
[White "Matthes, Benjamin"]
[Black "Maul, Maik Joel"]
[Result "1-0"]
[ECO "A06"]
[WhiteElo "1737"]
[BlackElo "1590"]
[Annotator "NA"]
[PlyCount "37"]
[EventDate "2019.06.07"]
[EventType "swiss"]
[EventRounds "9"]
[EventCountry "GER"]
[SourceTitle "playchess.com"]
[Source "ChessBase"]
[SourceQuality "1"]
[TimeControl "40/5400+30:1800+30"]

1. Nf3 d5 2. d4 Bf5 3. Bf4 Nc6 4. e3 e6 5. Bb5 Bd6 6. Ne5 Bxe5 7. Bxe5 f6 8. Bf4 Nge7 9. Nd2 O-O 10. O-O e5 11. dxe5 fxe5 12. Bg5 Qd6 13. c4 Qg6 14. Bh4 Bd3 15. Re1 dxc4 16. Bxc4+ Bxc4 17. Nxc4 Nf5 18. Bg3 Nxg3 19. hxg3 {[%emt 0:00:01] normal} 1-0

[Event "GER-ch Youth ODJM 2019"]
[Site "Willingen"]
[Date "2019.06.10"]
[Round "3.8"]
[White "Kolb, Tobias"]
[Black "Knudsen, Simon"]
[Result "1/2-1/2"]
[ECO "B26"]
[WhiteElo "1915"]
[BlackElo "2166"]
[Annotator "NA"]
[PlyCount "46"]
[EventDate "2019.06.07"]
[EventType "swiss"]
[EventRounds "9"]
[EventCountry "GER"]
[SourceTitle "playchess.com"]
[Source "ChessBase"]
[SourceQuality "1"]
[TimeControl "40/5400+30:1800+30"]

1. e4 g6 2. Nc3 Bg7 3. g3 c5 4. Bg2 Nc6 5. d3 d6 6. Be3 e5 7. Qd2 Nd4 8. Nd1 Ne7 9. c3 Ndc6 10. Bh6 O-O 11. Bxg7 Kxg7 12. Ne2 d5 13. exd5 Nxd5 14. O-O Bf5 15. d4 cxd4 16. cxd4 exd4 17. Nxd4 Nxd4 18. Qxd4+ Nf6 19. Qxd8 Raxd8 20. Ne3 Be6 21. b3 b6 22. Rfd1 Rxd1+ 23. Rxd1 Rc8 {[%emt 0:00:10] normal} 1/2-1/2

[Event "GER-ch Youth ODJM 2019"]
[Site "Willingen"]
[Date "2019.06.10"]
[Round "3.9"]
[White "Weber, Samuel"]
[Black "Brunner, Tobias"]
[Result "1/2-1/2"]
[ECO "A20"]
[WhiteElo "2160"]
[BlackElo "2017"]
[Annotator "ChessBase"]
[PlyCount "77"]
[EventDate "2019.06.07"]
[EventType "swiss"]
[EventRounds "9"]
[EventCountry "GER"]
[SourceTitle "playchess.com"]
[Source "ChessBase"]
[SourceQuality "1"]
[TimeControl "40/5400+30:1800+30"]

1. c4 e5 2. g3 Nc6 3. Bg2 f5 4. Nc3 Nf6 5. d3 Bc5 6. e3 d6 7. Nge2 O-O 8. O-O a6 9. a3 Qe8 10. b4 Ba7 11. b5 axb5 12. Nxb5 Bb6 13. Rb1 Qe7 14. Nec3 Kh8 15. Na4 Ba5 16. Nac3 Nd8 17. Nd5 Nxd5 18. cxd5 Bd7 19. Qc2 Bxb5 20. Rxb5 Bb6 21. a4 Ra5 22. Qc4 Qd7 23. Bd2 Rxb5 24. axb5 Nf7 25. Ra1 Nh6 26. h3 Ng8 27. Ra4 Ne7 28. d4 exd4 29. exd4 Ng6 30. h4 Qf7 31. h5 Ne7 32. Bf3 h6 33. Kg2 f4 34. g4 Qf6 35. Qe2 Qg5 36. Qe4 g6 37. hxg6 Nxg6 38. Kf1 Nh4 39. Bd1 {[%emt 0:00:57] normal} 1/2-1/2

[Event "GER-ch Youth ODJM 2019"]
[Site "Willingen"]
[Date "2019.06.10"]
[Round "3.10"]
[White "Ronge, Tim Hendrick"]
[Black "Gerlach, Felix Tobias"]
[Result "0-1"]
[ECO "A65"]
[WhiteElo "2143"]
[BlackElo "2079"]
[Annotator "ChessBase"]
[PlyCount "72"]
[EventDate "2019.06.07"]
[EventType "swiss"]
[EventRounds "9"]
[EventCountry "GER"]
[SourceTitle "playchess.com"]
[Source "ChessBase"]
[SourceQuality "1"]
[TimeControl "40/5400+30:1800+30"]

1. d4 Nf6 2. c4 c5 3. d5 e6 4. Nc3 exd5 5. cxd5 d6 6. e4 g6 7. Nge2 Bg7 8. Ng3 h5 9. Be2 O-O 10. O-O a6 11. a4 h4 12. Nh1 Nh7 13. Be3 Nd7 14. f3 Qe7 15. Qd2 Ne5 16. Nf2 f5 17. exf5 Bxf5 18. Nfe4 Rae8 19. Bh6 Bxh6 20. Qxh6 Nf7 21. Qd2 Nfg5 22. Rae1 Bxe4 23. Bd3 Qg7 24. Bxe4 Qd4+ 25. Qxd4 cxd4 26. Nb1 Nxe4 27. fxe4 Rxf1+ 28. Kxf1 Nf6 29. Nd2 Ng4 30. Nc4 Rd8 31. Ke2 Nxh2 32. Kd3 g5 33. Kxd4 Ng4 34. Rf1 Kg7 35. a5 Kg6 36. Rf3 Nf6 {[%emt 0:01:11] normal} 0-1

[Event "GER-ch Youth ODJM 2019"]
[Site "Willingen"]
[Date "2019.06.10"]
[Round "3.11"]
[White "Behringer, Tom"]
[Black "Hartmann, Jakob"]
[Result "0-1"]
[ECO "D31"]
[WhiteElo "1766"]
[BlackElo "2144"]
[Annotator "ChessBase"]
[PlyCount "72"]
[EventDate "2019.06.07"]
[EventType "swiss"]
[EventRounds "9"]
[EventCountry "GER"]
[SourceTitle "playchess.com"]
[Source "ChessBase"]
[SourceQuality "1"]
[TimeControl "40/5400+30:1800+30"]

1. d4 d5 2. c4 e6 3. Nc3 c6 4. Nf3 dxc4 5. a4 Bb4 6. e3 b5 7. Bd2 a5 8. axb5 Bxc3 9. Bxc3 cxb5 10. b3 Bb7 11. bxc4 b4 12. Bb2 Nf6 13. Bd3 O-O 14. O-O Nbd7 15. Nd2 Qc7 16. f3 e5 17. Bc2 Rfe8 18. Ba4 Bc6 19. Re1 exd4 20. Bxd4 Bxa4 21. Qxa4 Nc5 22. Qc2 Nfd7 23. Nb3 Nxb3 24. Qxb3 Nc5 25. Bxc5 Qxc5 26. Ra2 h6 27. Kf2 Red8 28. Rc1 Rd6 29. Rca1 Qc7 30. Kg1 Rc6 31. Rc1 Rc5 32. Rd2 Qb6 33. Rb1 Qe6 34. Rd4 a4 35. Qd3 b3 36. Ra1 Rcc8 {[%emt 0:03:35] normal} 0-1